[ AOE2 MATCH · #506863253 ]
UnrankedRomans vs Aztecs
Player's team · WIN
Rival team · LOSS
[ REPLAY ANALYSIS · EXTRACTED FROM THE RECORDED GAME ]
Feudal
12:31
Castle
21:37
Imperial
37:43
| APM avg | 36.5 |
| APM peak | 69 |
| eAPM avg | 16.7 |
| Villagers / military | 110 / 73 |
Focus
⚔️ 29.8% · 🌾 70.2%
Militia ×33 · Cavalry Archer ×22 · Archer ×8 · Mangonel ×4 · Scorpion ×2 · Trebuchet (Packed) ×2
Feudal
12:16
Castle
18:29
Imperial
—
| APM avg | 47.4 |
| APM peak | 90 |
| eAPM avg | 24.3 |
| Villagers / military | 89 / 107 |
Focus
⚔️ 33.1% · 🌾 66.9%
Jaguar Warrior ×55 · Eagle Scout ×50 · Monk ×2
Match map
Initial resources + every placement click. Lines = walls · curves = elevation contours. ◆ gold · ⬟ stone · ● berries · ✦ relic · ◌ wall gap
Your base· ✓ Closed at 21:37 · 9t walls · 1 gate(s)
RD | El_Zapatero22's base· Open — 5t gap
Smoothed initial terrain · ◌ = detected wall gap · hover for details
Inputs per minute
— hitman_aoe - - RD | El_Zapatero22
Build order — hitman_aoe
First 150 of 296 actions detected
| 0:00 | Queue | Villager (Male) |
| 0:01 | Queue | Villager (Male) |
| 0:03 | Build | House |
| 0:05 | Build | House |
| 0:27 | Queue | Villager (Male) |
| 0:28 | Queue | Villager (Male) |
| 0:28 | Queue | Villager (Male) |
| 1:31 | Queue | Villager (Male) |
| 1:49 | Build | Lumber Camp |
| 1:58 | Queue | Villager (Male) |
| 2:12 | Queue | Villager (Male) |
| 2:44 | Queue | Villager (Male) |
| 3:15 | Queue | Villager (Male) |
| 3:15 | Queue | Villager (Male) |
| 3:51 | Build | House |
| 4:03 | Queue | Villager (Male) |
| 4:40 | Queue | Villager (Male) |
| 4:40 | Queue | Villager (Male) |
| 5:19 | Build | Barracks |
| 5:30 | Queue | Villager (Male) |
| 5:40 | Build | House |
| 5:49 | Queue | Villager (Male) |
| 5:49 | Queue | Villager (Male) |
| 5:54 | Queue | Villager (Male) |
| 6:03 | Queue | Villager (Male) |
| 6:10 | Build | House |
| 6:13 | Build | Palisade Wall |
| 6:22 | Queue | Militia |
| 6:30 | Build | Mining Camp |
| 6:53 | Queue | Militia |
| 7:10 | Queue | Militia |
| 7:30 | Queue | Villager (Male) |
| 7:51 | Queue | Villager (Male) |
| 7:56 | Build | Mill |
| 8:21 | Build | House |
| 8:32 | Queue | Villager (Male) |
| 9:03 | Queue | Villager (Male) |
| 9:05 | Build | House |
| 9:25 | Queue | Villager (Male) |
| 9:56 | Research | Loom |
| 10:13 | Research | Feudal Age |
| 10:24 | Build | Farm |
| 10:30 | Build | Farm |
| 10:45 | Queue | Militia |
| 10:56 | Build | House |
| 11:00 | Build | Palisade Wall |
| 11:14 | Build | House |
| 11:30 | Queue | Villager (Male) |
| 11:34 | Build | Farm |
| 12:10 | Build | Farm |
| 12:31 | Age | Feudal Age |
| 12:34 | Build | Blacksmith |
| 12:35 | Research | Man-at-Arms (upgrade) |
| 12:44 | Build | Archery Range |
| 12:55 | Queue | Villager (Male) |
| 13:01 | Research | Double-Bit Axe |
| 13:04 | Build | House |
| 13:21 | Research | Scale Mail Armor |
| 13:37 | Queue | Villager (Male) |
| 13:39 | Build | Farm |
| 13:41 | Research | Horse Collar |
| 13:46 | Queue | Archer |
| 13:53 | Queue | Villager (Male) |
| 13:59 | Build | Farm |
| 14:16 | Queue | Villager (Male) |
| 14:25 | Queue | Archer |
| 14:29 | Build | House |
| 14:41 | Build | Farm |
| 14:44 | Build | Farm |
| 14:46 | Queue | Villager (Male) |
| 14:53 | Build | Farm |
| 14:58 | Research | Fletching |
| 15:00 | Queue | Archer |
| 15:24 | Queue | Villager (Male) |
| 15:29 | Build | Farm |
| 15:32 | Build | Farm |
| 15:43 | Build | Palisade Wall |
| 15:53 | Queue | Villager (Male) |
| 15:57 | Build | Farm |
| 16:03 | Queue | Archer |
| 16:04 | Queue | Militia |
| 16:08 | Build | House |
| 16:14 | Queue | Villager (Male) |
| 16:17 | Build | Farm |
| 16:25 | Queue | Villager (Male) |
| 16:44 | Queue | Villager (Male) |
| 16:58 | Build | Market |
| 17:09 | Queue | Archer |
| 17:10 | Queue | Archer |
| 17:15 | Build | Farm |
| 17:18 | Build | Farm |
| 17:30 | Build | Outpost |
| 17:40 | Queue | Villager (Male) |
| 17:40 | Queue | Villager (Male) |
| 17:50 | Build | Watch Tower |
| 18:05 | Build | Farm |
| 18:09 | Build | Farm |
| 18:27 | Research | Town Watch |
| 18:31 | Build | Farm |
| 18:43 | Build | House |
| 18:45 | Build | House |
| 18:47 | Build | Palisade Wall |
| 18:53 | Build | Palisade Gate |
| 18:56 | Build | House |
| 18:57 | Research | Castle Age |
| 19:11 | Research | Forging |
| 19:18 | Build | House |
| 19:20 | Queue | Militia |
| 19:27 | Build | House |
| 19:49 | Build | House |
| 19:52 | Queue | Militia |
| 20:21 | Queue | Villager (Male) |
| 20:48 | Build | Farm |
| 20:53 | Build | Lumber Camp |
| 20:54 | Queue | Militia |
| 21:05 | Queue | Militia |
| 21:37 | Age | Castle Age |
| 21:42 | Research | Chain Mail Armor |
| 22:03 | Queue | Villager (Male) |
| 22:09 | Build | Town Center |
| 22:13 | Research | Bow Saw |
| 22:15 | Queue | Militia |
| 22:20 | Build | House |
| 22:27 | Research | Wheelbarrow |
| 22:29 | Queue | Villager (Male) |
| 22:34 | Research | Squires |
| 22:50 | Research | Long Swordsman (upgrade) |
| 23:02 | Queue | Villager (Male) |
| 23:16 | Queue | Archer |
| 23:26 | Queue | Militia |
| 23:27 | Queue | Militia |
| 23:33 | Build | House |
| 23:39 | Build | House |
| 23:46 | Queue | Archer |
| 23:47 | Research | Crossbowman (upgrade) |
| 23:53 | Queue | Villager (Male) |
| 24:12 | Research | Bodkin Arrow |
| 24:13 | Queue | Villager (Male) |
| 24:14 | Queue | Villager (Male) |
| 24:18 | Build | Farm |
| 25:06 | Queue | Villager (Male) |
| 25:06 | Queue | Villager (Male) |
| 25:08 | Build | Farm |
| 25:11 | Build | Mining Camp |
| 25:19 | Queue | Cavalry Archer |
| 25:19 | Queue | Cavalry Archer |
| 25:32 | Queue | Villager (Male) |
| 25:37 | Queue | Villager (Male) |
| 25:47 | Queue | Cavalry Archer |
| 25:57 | Queue | Villager (Male) |
Build order — RD | El_Zapatero22
First 150 of 271 actions detected
| 0:00 | Queue | Villager (Male) ×4 |
| 0:02 | Build | House |
| 0:04 | Build | House |
| 1:28 | Queue | Villager (Male) |
| 2:00 | Queue | Villager (Male) |
| 2:11 | Build | Lumber Camp |
| 2:21 | Queue | Villager (Male) |
| 2:53 | Queue | Villager (Male) |
| 3:18 | Queue | Villager (Male) |
| 3:40 | Queue | Villager (Male) |
| 3:57 | Build | House |
| 4:03 | Queue | Villager (Male) |
| 4:08 | Build | House |
| 4:35 | Queue | Villager (Male) |
| 4:38 | Build | Mill |
| 5:06 | Queue | Villager (Male) |
| 5:18 | Queue | Villager (Male) |
| 5:32 | Queue | Villager (Male) |
| 6:10 | Build | House |
| 6:22 | Queue | Villager (Male) |
| 6:40 | Queue | Villager (Male) |
| 6:41 | Research | Loom |
| 7:01 | Build | Palisade Wall |
| 7:12 | Build | Palisade Wall |
| 7:17 | Queue | Villager (Male) |
| 7:24 | Build | House |
| 7:46 | Queue | Villager (Male) |
| 8:08 | Build | House |
| 8:15 | Build | Farm |
| 8:15 | Queue | Villager (Male) |
| 8:34 | Queue | Villager (Male) |
| 8:45 | Build | Lumber Camp |
| 8:58 | Build | Farm |
| 9:07 | Queue | Villager (Male) |
| 9:34 | Queue | Villager (Male) |
| 9:46 | Build | House |
| 9:48 | Build | House |
| 10:06 | Research | Feudal Age |
| 10:29 | Build | Farm |
| 10:55 | Build | Mining Camp |
| 11:58 | Queue | Villager (Male) |
| 12:16 | Age | Feudal Age |
| 12:19 | Build | Market |
| 12:35 | Build | Farm |
| 12:37 | Queue | Villager (Male) |
| 12:47 | Build | Outpost |
| 12:59 | Build | Watch Tower |
| 13:16 | Queue | Villager (Male) |
| 13:44 | Build | Blacksmith |
| 13:46 | Queue | Villager (Male) |
| 13:48 | Build | Farm |
| 14:06 | Build | Farm |
| 14:20 | Queue | Villager (Male) |
| 14:25 | Build | Farm |
| 14:30 | Build | House |
| 14:32 | Build | House |
| 14:47 | Queue | Villager (Male) |
| 14:56 | Build | Barracks |
| 15:14 | Build | Palisade Wall |
| 15:16 | Queue | Villager (Male) |
| 15:19 | Build | Farm |
| 15:49 | Research | Castle Age |
| 15:53 | Build | Watch Tower |
| 16:09 | Build | Barracks |
| 16:29 | Build | Farm |
| 16:49 | Queue | Eagle Scout |
| 16:49 | Queue | Eagle Scout |
| 17:08 | Research | Scale Mail Armor |
| 17:11 | Queue | Eagle Scout |
| 17:11 | Queue | Eagle Scout |
| 17:16 | Build | Barracks |
| 17:35 | Queue | Eagle Scout |
| 17:41 | Build | Outpost |
| 17:59 | Research | Double-Bit Axe |
| 18:01 | Queue | Eagle Scout |
| 18:18 | Research | Horse Collar |
| 18:29 | Age | Castle Age |
| 18:44 | Queue | Eagle Scout |
| 18:57 | Queue | Villager (Male) |
| 19:14 | Build | House |
| 19:21 | Build | Town Center |
| 19:24 | Queue | Eagle Scout |
| 19:25 | Queue | Eagle Scout |
| 19:39 | Queue | Villager (Male) |
| 19:40 | Build | Farm |
| 19:58 | Research | Bow Saw |
| 20:42 | Queue | Villager (Male) |
| 21:29 | Queue | Villager (Male) |
| 21:47 | Build | House |
| 22:04 | Queue | Villager (Male) |
| 22:23 | Build | Town Center |
| 22:31 | Research | Wheelbarrow |
| 22:44 | Queue | Villager (Male) |
| 22:45 | Queue | Villager (Male) |
| 22:50 | Build | Farm |
| 22:56 | Queue | Villager (Male) |
| 22:58 | Build | Farm |
| 23:07 | Queue | Villager (Male) |
| 23:11 | Build | House |
| 23:30 | Build | Farm |
| 23:36 | Queue | Villager (Male) |
| 23:36 | Queue | Villager (Male) |
| 23:36 | Queue | Villager (Male) |
| 23:48 | Queue | Villager (Male) |
| 24:00 | Build | Farm |
| 24:03 | Queue | Villager (Male) |
| 24:03 | Queue | Villager (Male) |
| 24:06 | Build | Farm |
| 24:19 | Build | Farm |
| 24:22 | Build | Farm |
| 24:25 | Build | Farm |
| 24:27 | Build | Farm |
| 24:28 | Queue | Villager (Male) |
| 24:28 | Queue | Villager (Male) |
| 24:28 | Queue | Villager (Male) |
| 24:28 | Queue | Villager (Male) |
| 24:30 | Build | Farm |
| 24:56 | Queue | Villager (Male) |
| 24:59 | Queue | Villager (Male) |
| 25:05 | Queue | Villager (Male) |
| 25:16 | Build | Monastery |
| 25:18 | Queue | Villager (Male) |
| 25:37 | Queue | Villager (Male) |
| 25:42 | Build | Farm |
| 25:48 | Queue | Monk |
| 25:51 | Build | House |
| 25:59 | Queue | Villager (Male) |
| 26:05 | Queue | Eagle Scout |
| 26:05 | Queue | Eagle Scout |
| 26:05 | Queue | Eagle Scout |
| 26:24 | Research | Forging |
| 26:26 | Queue | Villager (Male) |
| 26:41 | Queue | Villager (Male) |
| 26:45 | Queue | Villager (Male) |
| 26:51 | Queue | Villager (Male) |
| 26:52 | Queue | Villager (Male) |
| 27:08 | Queue | Villager (Male) |
| 27:22 | Build | Castle |
| 27:34 | Queue | Villager (Male) |
| 27:34 | Queue | Villager (Male) |
| 27:35 | Queue | Villager (Male) |
| 27:35 | Queue | Villager (Male) |
| 27:35 | Queue | Villager (Male) |
| 27:35 | Queue | Villager (Male) |
| 28:07 | Build | Watch Tower |
| 28:08 | Research | Fletching |
| 28:13 | Research | Fletching |
| 28:15 | Research | Chain Mail Armor |
| 28:17 | Queue | Villager (Male) |
| 28:30 | Queue | Villager (Male) |
Match timeline
| 5:19 | hitman_aoe · first_building Barracks |
| 6:13 | hitman_aoe · wall_segment Palisade Wall x1 |
| 7:01 | RD | El_Zapatero22 · wall_segment Palisade Wall x8 |
| 7:12 | RD | El_Zapatero22 · wall_segment Palisade Wall x10 |
| 11:00 | hitman_aoe · wall_segment Palisade Wall x6 |
| 12:16 | RD | El_Zapatero22 · age_up feudal |
| 12:31 | hitman_aoe · age_up feudal |
| 12:44 | hitman_aoe · first_building Archery Range |
| 14:56 | RD | El_Zapatero22 · first_building Barracks |
| 15:14 | RD | El_Zapatero22 · wall_segment Palisade Wall x1 |
| 15:22 | RD | El_Zapatero22 · first_market_buy 100 food |
| 15:43 | hitman_aoe · wall_segment Palisade Wall x1 |
| 16:48 | RD | El_Zapatero22 · first_market_sell 100 wood |
| 18:11 | hitman_aoe · first_market_buy 100 food |
| 18:29 | RD | El_Zapatero22 · age_up castle |
| 18:39 | hitman_aoe · first_market_sell 100 wood |
| 18:47 | hitman_aoe · wall_segment Palisade Wall x1 |
| 21:37 | hitman_aoe · age_up castle |
| 25:16 | RD | El_Zapatero22 · first_building Monastery |
| 26:31 | hitman_aoe · first_building Siege Workshop |
| 26:37 | hitman_aoe · first_building Monastery |
| 27:22 | RD | El_Zapatero22 · first_building Castle |
| 32:26 | hitman_aoe · first_building Castle |
| 35:10 | hitman_aoe · first_building Stable |
| 36:27 | hitman_aoe · wall_segment Stone Wall x1 |
| 36:31 | RD | El_Zapatero22 · first_building Siege Workshop |
| 37:43 | hitman_aoe · age_up imperial |
| 38:56 | RD | El_Zapatero22 · resign |
[ AI ANALYSIS · 1 CREDIT ]
What really happened in this match?
Wolo.gg analyzes every decision: build order, eco, micro, common mistakes by bracket. Personalized analysis on WhatsApp or Discord in 30 seconds.
Civ guide
Romans
Perfil
Jugador #10486001